 Dungeon Crawl Stone Soup version 0.22.1-2-g9c5b331 (webtiles) character file.

191 HoaS the Ruffian (level 5, -7/33 HPs)
             Began as a Gargoyle Gladiator on Dec 16, 2018.
             Mangled by an iguana (9 damage)
             ... on level 4 of the Dungeon.
             The game lasted 00:10:02 (2961 turns).

HoaS the Ruffian (Gargoyle Gladiator)               Turns: 2961, Time: 00:10:03

Health: -7/33      AC: 12    Str: 17    XL:     5   Next: 70%
Magic:  5/5        EV: 11    Int:  9    God:
Gold:   207        SH:  0    Dex: 12    Spells: 4/4 levels left

rFire    + . .     SeeInvis .     - Unarmed
rCold    . . .     Gourm    .   (no shield)
rNeg     + . .     Faith    .   r - +0 ring mail
rPois    ∞         Spirit   .   b - +1 helmet
rElec    +         Reflect  .   h - +0 cloak
rCorr    +         Harm     .   (no gloves)
MR       .....                  (no boots)
Stlth    +.........             (no amulet)
HPRegen  0.11/turn              i - ring of resist corrosion
MPRegen  0.09/turn              o - ring of protection from fire

@: no status effects
A: negative energy resistance 1, electricity resistance, unbreathing,
petrification resistance, rot immunity, AC +4
a: no special abilities


You were on level 4 of the Dungeon.
You were not hungry.

You visited 1 branch of the dungeon, and saw 4 of its levels.

You collected 207 gold pieces.

Inventory:

Missiles
 c - 3 throwing nets (quivered)
 j - 6 tomahawks
 p - 10 poisoned needles
Armour
 a - a +0 leather armour
 b - a +1 helmet (worn)
 f - a +0 scale mail
 h - a +0 cloak (worn)
 q - a +0 chain mail
 r - a +0 ring mail (worn)
Jewellery
 i - a ring of resist corrosion (left hand)
 o - a ring of protection from fire (right hand)
Scrolls
 g - 2 scrolls of identify
 k - a scroll of teleportation
Potions
 e - 2 potions of flight
 l - a potion of agility
 m - 2 potions of cancellation
 n - a potion of heal wounds
 s - a potion of haste {unknown}
Comestibles
 d - 5 rations
 t - a chunk of flesh


   Skills:
 * Level 4.2 Fighting
 - Level 1.7 Throwing
 + Level 2.3 Armour
 - Level 2.4 Dodging
 * Level 4.5 Unarmed Combat


You had 4 spell levels left.
You didn't know any spells.
Your spell library was empty.

Dungeon Overview and Level Annotations

Branches:
Dungeon (4/15)
 Temple: D:4-7

Altars:


Innate Abilities, Weirdness & Mutations

You are resistant to torment.
Your stone body is resilient. (AC +4)
You are immune to poison.
You resist negative energy. (rN+)
You are resistant to electric shocks. (rElec)
You can survive without breathing.
You are immune to petrification.
You are immune to rotting.


Message History

The orc priest is severely wounded.
The orc priest hits you but does no damage.
The iguana bites you.
* * * LOW HITPOINT WARNING * * *
The orc hits you but does no damage.
The orc priest hits you but does no damage.
You hit the orc priest but do no damage.
The orc priest is severely wounded.
The iguana barely misses you. The orc priest hits you with a flail.
* * * LOW HITPOINT WARNING * * *
The orc misses you.
You hit the orc priest but do no damage.
The orc priest is severely wounded.
The orc priest hits you but does no damage.
The iguana bites you but does no damage.
You barely miss the orc priest. You punch the orc priest.
You kill the orc priest!
The orc barely misses you. The orc priest closely misses you.
The iguana bites you!
You die...

,,,,,,,,,,,,#.......#.........#..
,,,,,,,,,,,,#.......#.........#'#
,,,,,,,,,,,,######..#............
,,,,,,,,,,,,#...##..##...........
,,,,,,,,,,,,#........#...........
,,,,,,,,,,,,#........#...........
,,,,,,,,.,,,#........#...........
,,,,,,,,....######'###........###
,,,,,,,,.......o@.............#
,,,,,,**####...lo)........!...#
,,,,,,* #................$.#
,,,,,,* #..................#
,,,,,,* #..)...............#
,,,,,,* #..................#*
,,,,,,* #.....#####.........#
,,,,,,* #.....# #.........#
,,,,,,* *,,,,,* *,,,,,,,,,*


You could see an iguana, an orc priest and an orc.

Vanquished Creatures
  An orc priest (D:4)
  A worker ant (D:4)
  5 adders
  2 oozes (D:3)
  6 worms
  2 dart slugs
  2 orcs (D:3)
  5 bats
  2 giant cockroaches
  10 goblins
  12 hobgoblins
  2 jackals (D:3)
  5 kobolds
  A quokka (D:2)
  5 frilled lizards
  4 rats
65 creatures vanquished.

Notes
Turn   | Place    | Note
-------+----------+-------------------------------------------
     0 | D:1      | HoaS the Gargoyle Gladiator began the quest for the Orb.
     0 | D:1      | Reached XP level 1. HP: 12/12 MP: 1/1
   157 | D:1      | Reached XP level 2. HP: 13/18 MP: 2/2
   707 | D:2      | Reached skill level 1 in Armour
   707 | D:2      | Reached XP level 3. HP: 2/22 MP: 3/3
  1578 | D:2      | Reached XP level 4. HP: 28/28 MP: 4/4
  2528 | D:3      | Reached XP level 5. HP: 33/33 MP: 5/5
  2961 | D:4      | Mangled by an iguana

Skill      XL: |  1  2  3  4  5 |
---------------+----------------+-----
Armour         | 1 2 |  2.3
Fighting       | 3 4 |  4.2
Unarmed Combat | 4 |  4.5
Throwing       | |  1.7
Dodging        | |  2.4

Action                   |  1- 3 |  4- 6 || total
-------------------------+-------+-------++-------
Melee: Unarmed           |   166 |   169 ||   335
       Punch             |     1 |     2 ||     3
  Use: Scroll            |     7 |     7 ||    14
  Eat: Chunk             |     2 |     5 ||     7
Armor: Leather armour    |    59 |     1 ||    60
       Ring mail         |       |    58 ||    58
       Scale mail        |       |     1 ||     1
Dodge: Dodged            |    88 |    72 ||   160
